 Dungeon Crawl Stone Soup version 0.30-a0-172-gc5509c9e31 (webtiles) character file.

Game seed: 16318935593650012918

55 LnG the Caller (level 4, 0/24 HPs)
             Began as a Kobold Summoner on Oct 1, 2022.
             Slain by an adder (4 damage)
             ... on level 2 of the Dungeon.
             The game lasted 00:02:54 (1200 turns).

LnG the Caller (Kobold Summoner)                    Turns: 1200, Time: 00:02:56

Health: 0/24       AC:  4    Str:  5    XL:     4   Next: 14%
Magic:  4/7        EV: 15    Int: 18    God:
Gold:   49         SH:  0    Dex: 15    Spells: 2/8 levels left

rFire   . . .      SeeInvis .    f - +0 dagger
rCold   . . .      Faith    .    (no shield)
rNeg    . . .      Spirit   .    a - +0 robe
rPois   .          Reflect  .    (no helmet)
rElec   .          Harm     .    c - +0 cloak
rCorr   .          Rampage  .    e - +0 pair of gloves
Will    .....                    (no boots)
Stlth   +++.......               (no amulet)
HPRegen 0.24/turn                (no ring)
MPRegen 0.10/turn                (no ring)

@: lethally poisoned (0 -> -5)
A: small, no large weapons, nightstalker 3
a: no special abilities


You were on level 2 of the Dungeon.
You visited 1 branch of the dungeon, and saw 2 of its levels.

You collected 49 gold pieces.

Inventory:

Hand Weapons
 f - a +0 dagger (weapon)
Armour
 a - a +0 robe (worn)
 c - a +0 cloak (worn)
 e - a +0 pair of gloves (worn)
Scrolls
 g - a scroll of fear
 h - a scroll of blinking
Potions
 b - a potion of magic
 i - a potion of invisibility


   Skills:
 + Level 0.3 Fighting
 + Level 1.4 Short Blades
 + Level 2.8 Dodging
 + Level 3.1 Stealth
 + Level 2.6 Spellcasting
 + Level 4.6 Summonings


You had 2 spell levels left.
You knew the following spells:

 Your Spells              Type           Power      Damage    Failure   Level
a - Summon Small Mammal   Summ           76%        N/A       2%          1
b - Call Imp              Summ           19%        N/A       3%          2
c - Call Canine Familiar  Summ           19%        N/A       8%          3

Your spell library contained the following spells:

 Spells                   Type           Power      Damage    Failure   Level
 Ensorcelled Hibernation  Hex/Ice        4%         N/A       26%         2
 Summon Guardian Golem    Hex/Summ       10%        N/A       21%         3
 Spider Form              Tmut/Pois      2%         N/A       45%         3
 Summon Lightning Spire   Summ/Air       10%        N/A       54%         4
 Anguish                  Hex/Necr       1%         N/A       86%         4


Dungeon Overview and Level Annotations

Branches:
Dungeon (2/15)

Altars:
Wu Jian


Innate Abilities, Weirdness & Mutations

You are small and have problems with some larger weapons.
You are completely attuned to the shadows.


Message History

The adder is heavily wounded.
The adder bites you. x2
You hit the adder but do no damage.
The adder is heavily wounded.
The adder misses you.
You hit the adder.
The adder is heavily wounded.
The adder barely misses you.
You closely miss the adder.
The adder is heavily wounded.
The adder bites you but does no damage.
You hit the adder but do no damage.
The adder is heavily wounded.
The adder bites you but does no damage.
You hit the adder but do no damage.
The adder is heavily wounded.
The adder bites you. x2
You are too injured to fight recklessly!
Casting: Call Imp (safe; 3% risk of failure)
Confirm with . or Enter, or press ? or * to list all spells.
The spell is quite dangerous to miscast (8% risk of failure)!
Continue anyway?
The adder bites you.
You are poisoned.
The adder poisons you!
You miss the adder.
The adder is heavily wounded.
You feel sick. The adder bites you but does no damage.
Your hound barely misses the adder.
You miss the adder.
The adder is heavily wounded.
You feel sick.
Your hound closely misses the adder.
The adder bites you but does no damage.
You hit the adder but do no damage.
The adder is heavily wounded.
You feel sick.
Your hound bites the adder.
The adder bites you.
* * * LOW HITPOINT WARNING * * *
You are lethally poisoned!
The adder poisons you!
Your hound closely misses the adder.
The adder bites you.
You die...

#.# ## #.# #<# #.#
#.# #.# ##### #.#
##..S#### #.#
#...@h..# #.#
#.#.....# #)#
.#.._..########.#
.................#
###.....##########
#######


You could see an adder (ally target) and a friendly hound (summoned).

Vanquished Creatures
  2 adders (D:2)
  A dart slug (D:1)
  4 ball pythons (D:1)
  2 bats (D:1)
  5 endoplasms
  4 goblins (D:1)
  3 hobgoblins (D:1)
  A quokka (D:1)
  2 kobolds
  4 rats
28 creatures vanquished.

Vanquished Creatures (collateral kills)
  A dart slug (D:1)
  A kobold (D:1)
  A bat (D:1)
3 creatures vanquished.

Grand Total: 31 creatures vanquished

Notes
Turn   | Place    | Note
-------+----------+-------------------------------------------
     0 | D:1      | LnG the Kobold Summoner began the quest for the Orb.
     0 | D:1      | Reached XP level 1. HP: 10/10 MP: 3/3
   106 | D:1      | Reached XP level 2. HP: 13/15 MP: 1/5
   109 | D:1      | Learned a level 2 spell: Call Imp
   374 | D:1      | Reached XP level 3. HP: 16/19 MP: 6/6
   378 | D:1      | Learned a level 3 spell: Call Canine Familiar
  1083 | D:2      | Reached skill level 1 in Short Blades
  1085 | D:2      | Identified the +1 leather armour of Experimentation {Regen+
                  | rCorr}
  1113 | D:2      | Reached XP level 4. HP: 24/24 MP: 7/7
  1170 | D:2      | Found an ornate altar of the Wu Jian Council.
  1200 | D:2      | Slain by an adder

Illustrated notes

Levels and vault maps discovered:
D:1:      evilmike_arrival_crescent, layout_loops_ring, grunt_decor_fettered
D:2:      layout_basic, basic_altar,
          dreamdust_ecumenical_altar_angels_and_demons, corexii_hall_statues_t,
          uniq_terence

Skill      XL: |  1  2  3 |
---------------+----------+-----
Short Blades   | 1 |  1.4
Stealth        | 3 |  3.1
Fighting       | |  0.3
Dodging        | |  2.8
Spellcasting   | |  2.6
Summonings     | |  4.6

Action                   |  1- 3 |  4- 6 || total
-------------------------+-------+-------++-------
Melee: Club              |    23 |       ||    23
       Dagger            |    85 |    23 ||   108
       Punch             |     1 |       ||     1
 Cast: Summon Small Mamm |     6 |       ||     6
       Call Imp          |     1 |       ||     1
       Call Canine Famil |       |     1 ||     1
  Use: Scroll            |     3 |       ||     3
 Stab: Sleeping          |     7 |     1 ||     8
Armor: Robe              |    24 |     8 ||    32
Dodge: Dodged            |    97 |    13 ||   110

Table legend: (Time is in decaauts)
 A = Elapsed time spent in this place.
 B = Non-inter-level travel time spent in this place.
 C = Inter-level travel time spent in this place.
 D = Time resting spent in this place.
 E = Time spent auto-exploring this place.
 F = Levels seen in this place.
 G = Mean time per level.
                   A        B        C        D        E       F      G
               +--------+--------+--------+--------+--------+-----+--------+
         Total |   1206 |   1203 |      3 |      0 |    860 |   2 |  603.0 |
       Dungeon |   1206 |   1203 |      3 |      0 |    860 |   2 |  603.0 |
               +--------+--------+--------+--------+--------+-----+--------+

Top non-repeatable levels by time:
     D:1: 987 daAuts
     D:2: 218 daAuts
